 Dungeon Crawl Stone Soup version 0.30.1-9-gdf580d7c3d (webtiles) character file.

Game seed: 6006158240771945438

13050 GeoRichter the Destroyer (level 11, -15/64 HPs)
             Began as a Deep Elf Fire Elementalist on Sept 29, 2023.
             Was an Elder of Vehumet.
             Killed from afar by a molten gargoyle (22 damage)
             ... with a bolt of magma
             ... on level 10 of the Dungeon.
             The game lasted 00:24:56 (12013 turns).

GeoRichter the Destroyer (DEFE)                    Turns: 12013, Time: 00:24:56

Health: -15/64     AC: 14    Str:  7    XL:     11   Next: 70%
Magic:  26/26      EV: 15    Int: 23    God:    Vehumet [****..]
Gold:   638        SH:  0    Dex: 15    Spells: 15/28 levels left

rFire   . . .        o - +4 spear (freeze)
rCold   . . .        (no shield)
rNeg    . . .        b - +0 troll leather armour {Pargi}
rPois   .            (no helmet)
rElec   .            z - +2 cloak
rCorr   .            e - +0 pair of gloves
SInv    .            v - +0 pair of boots
Will    ++...        u - amulet of regeneration
Stlth   +++          d - +4 ring of protection
HPRegen 1.90/turn    C - ring of willpower
MPRegen 0.20/turn

%: no passive effects
@: no status effects
A: no striking features
a: Renounce Religion


You were on level 10 of the Dungeon.
You worshipped Vehumet.
Vehumet was greatly pleased with you.
You visited 1 branch of the dungeon, and saw 10 of its levels.
You also visited: Sewer and Bailey.

You collected 795 gold pieces.
You spent 157 gold pieces at shops.

Inventory:

Hand Weapons
 h - a +2 dagger of electrocution
   (You took it off a kobold brigand on level 9 of the Dungeon)
 o - a +4 spear of freezing (weapon)
   (You found it on level 2 of the Dungeon)
Missiles
 L - 2 curare-tipped darts {!f}
Armour
 b - a +0 troll leather armour (worn) {Pargi}
   (You found it in a sewer)
 e - a +0 pair of gloves (worn)
   (You found it on level 1 of the Dungeon)
 v - a +0 pair of boots (worn)
   (You found it on level 3 of the Dungeon)
 z - a +2 cloak (worn)
   (You took it off Crazy Yiuf on level 3 of the Dungeon)
 D - +0 acid dragon scales
   (You found it on level 8 of the Dungeon)
Jewellery
 d - a +4 ring of protection (left hand)
   (You found it on level 1 of the Dungeon)
 m - a +5 ring of evasion
   (You found it on level 1 of the Dungeon)
 u - an amulet of regeneration (around neck)
   (You found it on level 3 of the Dungeon)
 C - a ring of willpower (right hand)
   (You found it on level 4 of the Dungeon)
Wands
 a - a wand of charming (27)
   (You found it on level 4 of the Dungeon)
 j - a wand of flame (32)
   (You took it off Blork the orc on level 5 of the Dungeon)
 A - a wand of digging (8)
   (You took it off Crazy Yiuf on level 3 of the Dungeon)
Scrolls
 c - 6 scrolls of teleportation {@r4}
 g - 2 scrolls of vulnerability {!r}
 k - 3 scrolls of identify {@r1}
 l - a scroll of acquirement {unknown}
 n - a scroll of torment {unknown}
 q - 3 scrolls of enchant armour
 s - a scroll of fog {unknown}
 y - a scroll of immolation {unknown}
 I - a scroll of summoning {unknown}
 N - a scroll of poison {!r}
 P - a scroll of fear {unknown}
 Q - a scroll of enchant weapon
 R - 2 scrolls of amnesia {unknown}
 S - a scroll of magic mapping {unknown}
Potions
 f - a potion of heal wounds {@q2}
 i - 3 potions of might
 p - 2 potions of haste {@q3}
 r - 3 potions of resistance {unknown}
 t - a potion of mutation {unknown}
 w - 3 potions of attraction {!q}
 x - a potion of degeneration {unknown}
 B - 3 potions of flight
 E - a potion of brilliance
 F - 2 potions of curing {@q1}
 G - 4 potions of berserk rage
 H - a potion of experience {unknown}
 J - a potion of invisibility
 K - a potion of ambrosia {unknown}
 O - a potion of magic


   Skills:
 + Level 6.0 Fighting
 - Level 4.0 Armour
 + Level 9.0 Dodging
 - Level 5.0 Stealth
 - Level 9.0 Spellcasting
 - Level 14.0 Conjurations
 + Level 5.0 Fire Magic


You had 15 spell levels left.
You knew the following spells:

 Your Spells              Type           Power      Damage    Failure   Level
a - Foxfire               Conj/Fire      100%       2x1d9     1%          1
b - Scorch                Fire           66%        2d8       1%          2
c - Flame Wave            Conj/Fire      52%        2d13      1%          4
d - Mephitic Cloud        Conj/Pois/Air  31%        N/A       1%          3
e - Ignite Poison         Fire/Tmut/Pois 18%        N/A       4%          3

Your spell library contained the following spells:

 Spells                   Type           Power      Damage    Failure   Level
 Frozen Ramparts          Ice            20%        1d4       7%          3
 Static Discharge         Conj/Air       84%        2-6/arc   1%          2
 Dazzling Flash           Conj/Hex       84%        N/A       1%          3
 Inner Flame              Hex/Fire       21%        N/A       2%          3
 Volatile Blastmotes      Fire/Tloc      42%        2d13      2%          3
 Slow                     Hex            40%        N/A       9%          1
 Airstrike                Air            5%         2d(1-17)  22%         4
 Confusing Touch          Hex            10%        N/A       26%         3
 Vampiric Draining        Necr           10%        2d6       26%         3
 Yara's Violent Unravell  Hex/Tmut       5%         3d4       50%         5
 Summon Lightning Spire   Summ/Air       10%        N/A       65%         4
 Agony                    Necr           10%        N/A       94%         5
 Silence                  Hex/Air        5%         N/A       94%         5
 Simulacrum               Ice/Necr       5%         N/A       100%        6
 Enfeeble                 Hex            5%         N/A       100%        7
 Ozocubu's Refrigeration  Ice            5%         4d8       100%        7
 Polar Vortex             Ice            5%         N/A       100%        9


Dungeon Overview and Level Annotations

Branches:
Dungeon (10/15) Zot: 26095  Temple (0/1) D:7            Lair (0/5) D:10
  Sewer (visited)          Bailey (visited)
    Orc: D:9-12

Altars:
Elyvilon
Gozag
Nemelex Xobeh
Qazlal
Sif Muna
Trog
Uskayaw
Vehumet
Xom
Yredelemnul
Zin

Shops:
D:5 ?

Annotations:
D:10 2 transporters, LucemDeus's ghost, journeyman FoFi


Message History

Confirm with . or Enter, or press ? or * to list all spells.
You can't see any susceptible monsters within range! (Use Z to cast anyway.)
A molten gargoyle comes into view. It is wielding a +0 morningstar.
A molten gargoyle is nearby!
A molten gargoyle is nearby!
A molten gargoyle is nearby!
Aiming: Mindburst
Press: ? - help, Shift-Dir - straight line, f - molten gargoyle
Aim: a molten gargoyle, wielding a +0 morningstar (chance to affect: 29%)
The molten gargoyle's mind is blasted!
Aiming: Mindburst
Press: ? - help, Shift-Dir - straight line, f/p - molten gargoyle
Aim: a molten gargoyle, wielding a +0 morningstar (moderately damaged, chance to affect: 29%)
The molten gargoyle easily resists.
Aiming: Mindburst
Press: ? - help, Shift-Dir - straight line, f/p - molten gargoyle
Aim: a molten gargoyle, wielding a +0 morningstar (moderately damaged, chance to affect: 29%)
The molten gargoyle easily resists.
Aiming: Mindburst
Press: ? - help, Shift-Dir - straight line, f/p - molten gargoyle
Aim: a molten gargoyle, wielding a +0 morningstar (moderately damaged, chance to affect: 29%)
The molten gargoyle easily resists.
The now-empty wand crumbles to dust.
Okay, then.
Aiming: Charm
Press: ? - help, Shift-Dir - straight line, f/p - molten gargoyle
Aim: a molten gargoyle, wielding a +0 morningstar (moderately damaged, chance to affect: 17%)
The molten gargoyle resists with almost no effort.
You barely miss the molten gargoyle.
The molten gargoyle is moderately damaged.
The molten gargoyle hits you with a +0 morningstar!
You are engulfed in flames!
You hit the molten gargoyle but do no damage.
The molten gargoyle is moderately damaged.
The molten gargoyle hits you but does no damage.
You hit the molten gargoyle but do no damage.
The molten gargoyle is moderately damaged.
The molten gargoyle closely misses you.
You barely miss the molten gargoyle.
The molten gargoyle is moderately damaged.
The molten gargoyle hits you with a +0 morningstar!
You are engulfed in flames!
* * * LOW HITPOINT WARNING * * *
You hit the molten gargoyle but do no damage.
The molten gargoyle is moderately damaged.
The molten gargoyle blasts magma at you!
The bolt of magma hits you!!
* * * LOW HITPOINT WARNING * * *
The molten gargoyle blasts magma at you!
The bolt of magma hits you!!
You die...

)...............=...............
........................#.#.#.#.
###########..###########.#.#
#..# #.... #..# .≈§≈§ #..#
≈≈§§§≈ ######..###########
≈§88§§ ................... §88§§
#+#........@9(....#
############(.##. #


You could see a molten gargoyle.

Vanquished Creatures
  2 vault guards (Bailey)
  4 two-headed ogres
  Pikel (D:5)
  A molten gargoyle (D:10)
  A troll (D:10)
  A hornet (D:7)
  Grinder (D:5)
  Prince Ribbit (Bailey)
  Sigmund (D:5)
  A shadow (D:9)
  2 wyverns
  A vampire (D:10)
  13 yaks
  7 humans (Bailey)
  Menkaure (D:5)
  An acid dragon (D:8)
  2 water moccasins
  Duvessa (D:5)
  Pargi (Sewer)
  An orc warrior (D:8)
  2 wolves
  An ogre (D:5)
  3 centaurs
  2 lemures (D:5)
  Blork the orc (D:5)
  17 bullfrogs
  2 kobold brigands (D:9)
  A gnoll sergeant (D:9)
  3 scorpions
  Dowan (D:5)
  A howler monkey (D:5)
  11 killer bees
  2 electric eels
  Crazy Yiuf (D:3)
  A gnoll bouda (D:7)
  6 hounds
  2 jellies
  2 sleepcaps
  5 orc priests
  An iguana (D:5)
  Terence (D:3)
  7 orc wizards
  18 gnolls
  7 adders
  2 river rats (D:3)
  2 shadow imps
  A white imp (D:6)
  An ufetubus (D:5)
  2 worms (D:3)
  2 dart slugs (D:1)
  30 orcs
  6 bats
  5 endoplasms
  4 giant cockroaches
  12 goblins
  11 hobgoblins
  2 jackals (D:1)
  5 quokkas
  12 ball pythons
  9 frilled lizards
  11 kobolds
  4 rats
263 creatures vanquished.

Vanquished Creatures (others)
  433 foxfires
433 creatures vanquished.

Grand Total: 696 creatures vanquished

Notes
Turn   | Place    | Note
-------+----------+-------------------------------------------
     0 | D:1      | GeoRichter the Deep Elf Fire Elementalist began the quest
                  | for the Orb.
     0 | D:1      | Reached XP level 1. HP: 10/10 MP: 6/6
   184 | D:1      | Reached XP level 2. HP: 15/15 MP: 5/8
   580 | D:1      | Reached XP level 3. HP: 19/19 MP: 7/9
  1292 | D:2      | Reached skill level 5 in Stealth
  1530 | D:2      | Learned a level 2 spell: Scorch
  2096 | D:3      | Noticed Terence
  2119 | D:3      | Killed Terence
  2120 | D:3      | Reached skill level 2 in Conjurations
  2120 | D:3      | Reached XP level 4. HP: 19/24 MP: 5/11
  2305 | D:3      | Reached skill level 3 in Conjurations
  2437 | D:3      | Found a glowing drain.
  2441 | Sewer    | Entered a sewer
  2459 | Sewer    | Reached XP level 5. HP: 28/28 MP: 11/13
  2504 | Sewer    | Noticed Pargi
  2511 | Sewer    | Killed Pargi
  2512 | Sewer    | Reached skill level 5 in Spellcasting
  2512 | Sewer    | Reached skill level 4 in Conjurations
  2719 | D:3      | Reached XP level 6. HP: 32/32 MP: 10/16
  2854 | D:3      | Found a radiant altar of Vehumet.
  2859 | D:3      | Became a worshipper of Vehumet
  3312 | D:3      | Found a runed translucent door.
  3313 | D:3      | Noticed Crazy Yiuf
  3592 | D:3      | Killed Crazy Yiuf
  4263 | D:5      | Entered Level 5 of the Dungeon
  4335 | D:5      | Noticed Sigmund
  4345 | D:5      | Killed Sigmund
  4346 | D:5      | Reached skill level 5 in Fire Magic
  4346 | D:5      | Reached XP level 7. HP: 36/36 MP: 11/18
  4733 | D:5      | Found Wycaihe's Magic Scroll Boutique.
  4771 | D:5      | Reached skill level 1 in Armour
  4807 | D:5      | Noticed Pikel
  4828 | D:5      | Killed Pikel
  4829 | D:5      | Reached skill level 6 in Conjurations
  4829 | D:5      | Reached XP level 8. HP: 36/41 MP: 17/21
  4833 | D:5      | Noticed Duvessa
  4855 | D:5      | Noticed Dowan
  4856 | D:5      | Killed Duvessa
  4870 | D:5      | Killed Dowan
  4871 | D:5      | Reached skill level 7 in Conjurations
  4912 | D:5      | Noticed Menkaure
  4996 | D:5      | Killed Menkaure
  5037 | D:5      | Bought a scroll of enchant weapon for 112 gold pieces
  5037 | D:5      | Bought a scroll of teleportation for 45 gold pieces
  5179 | D:5      | Found a glowing silver altar of Zin.
  5210 | D:5      | Noticed a two-headed ogre
  5220 | D:5      | Killed a two-headed ogre
  5221 | D:5      | Reached skill level 8 in Conjurations
  5221 | D:5      | Reached XP level 9. HP: 45/45 MP: 12/24
  5224 | D:5      | Noticed Grinder
  5228 | D:5      | Killed Grinder
  5331 | D:5      | Noticed Blork the orc
  5337 | D:5      | Killed Blork the orc
  5369 | D:5      | Found an opulent altar of Gozag.
  5448 | D:5      | Reached skill level 9 in Conjurations
  6012 | D:6      | Reached * piety under Vehumet
  6012 | D:6      | Offered knowledge of Sandblast by Vehumet.
  6365 | D:6      | Reached skill level 1 in Fighting
  7073 | D:7      | Found a shimmering blue altar of Sif Muna.
  7095 | D:7      | Found a flagged portal.
  7142 | Bailey   | Entered a bailey
  7200 | Bailey   | Reached skill level 10 in Conjurations
  7303 | Bailey   | Reached ** piety under Vehumet
  7303 | Bailey   | Offered knowledge of Shock by Vehumet.
  7324 | Bailey   | Reached XP level 10. HP: 49/54 MP: 1/25
  7480 | Bailey   | Reached skill level 5 in Dodging
  7607 | Bailey   | Reached skill level 11 in Conjurations
  7755 | Bailey   | Noticed a vault guard
  7755 | Bailey   | Noticed Prince Ribbit
  7767 | Bailey   | Killed Prince Ribbit
  7815 | Bailey   | Killed a vault guard
  7928 | Bailey   | Noticed a vault guard
  7954 | Bailey   | Killed a vault guard
  8014 | Bailey   | Learned a level 4 spell: Flame Wave
  8214 | D:7      | Reached skill level 12 in Conjurations
  8311 | D:7      | Found a basalt altar of Yredelemnul.
  8312 | D:7      | Found a bloodstained altar of Trog.
  8329 | D:7      | Found a staircase to the Ecumenical Temple.
  8848 | D:8      | Noticed a two-headed ogre
  8853 | D:8      | Killed a two-headed ogre
  9422 | D:8      | Offered knowledge of Mephitic Cloud by Vehumet.
  9447 | D:8      | Reached XP level 11. HP: 53/62 MP: 6/26
  9474 | D:8      | Learned a level 3 spell: Mephitic Cloud
  9700 | D:8      | Reached *** piety under Vehumet
  9910 | D:9      | Found a shimmering altar of Xom.
 10044 | D:9      | Reached skill level 13 in Conjurations
 10085 | D:9      | Offered knowledge of Ignite Poison by Vehumet.
 10090 | D:9      | Learned a level 3 spell: Ignite Poison
 10166 | D:9      | Found a stormy altar of Qazlal.
 10194 | D:9      | Reached skill level 5 in Fighting
 10194 | D:9      | Noticed a two-headed ogre
 10209 | D:9      | Killed a two-headed ogre
 10453 | D:9      | Found a white marble altar of Elyvilon.
 11110 | D:10     | Entered Level 10 of the Dungeon
 11174 | D:10     | Noticed a two-headed ogre
 11181 | D:10     | Killed a two-headed ogre
 11344 | D:9      | Reached **** piety under Vehumet
 11386 | D:10     | Found a sparkling altar of Nemelex Xobeh.
 11494 | D:10     | Found a transporter.
 11498 | D:10     | Noticed LucemDeus's ghost (journeyman FoFi)
 11569 | D:10     | Found a hide-covered altar of Uskayaw.
 11747 | D:10     | Reached skill level 14 in Conjurations
 11791 | D:10     | Found a staircase to the Lair.
 11859 | D:10     | Found a transporter.
 11937 | D:10     | Offered knowledge of Frozen Ramparts by Vehumet.
 12013 | D:10     | Killed from afar by a molten gargoyle

Illustrated notes

Levels and vault maps discovered:
D:1:      minmay_arrival_checkered_box, layout_basic
D:2:      layout_basic, kennysheep_nub, palyth_stone_intersect
D:3:      layout_basic, mainiacjoe_overflow_24_doors, gup_sewer_entry_spiral,
          serial_bayou_lake_a, uniq_terence, uniq_crazy_yiuf_cottage
D:4:      layout_cave_pools
D:5:      layout_loops_ring, lemuel_crystal_altar, grunt_gozag_breadcrumbs,
          serial_shops, shop, st_stairs_1, corexii_corridor_pit, uniq_grinder,
          uniq_blork_the_orc, uniq_pikel, uniq_sigmund, uniq_menkaure,
          uniq_duvessa
D:6:      layout_basic
D:7:      layout_basic, mainiacjoe_overflow_divided_tiny, amcnicky_altar_gilded,
          minmay_temple_entry_from_below_a, enter_bailey_5
D:8:      layout_basic, uniq_prince_ribbit1
D:9:      layout_basic, mainiacjoe_overflow_six_doors_small, old_standard_altar,
          kennysheep_mini
D:10:     layout_long_grid, nemelex_xobeh_ov_fountains_minmay,
          okawaru_altar_gauntlet_db, marbit_many_paths, erik_lair_island,
          serial_shops, nicolae_shop_hallway_stairs,
          gammafunk_ghost_berserking_beasts, minivault_8

Skill      XL: |  1  2  3  4  5  6  7  8  9 10 11 |
---------------+----------------------------------+-----
Stealth        | 3 4 5 |  5.0
Conjurations   | 2 3 4 6 8 10 12 14 | 14.0
Spellcasting   | 4 5 6 7 9 |  9.0
Fire Magic     | 5 |  5.0
Armour         | 2 3 4 |  4.0
Fighting       | 2 4 6 |  6.0
Dodging        | 4 7 9 |  9.0

Action                     |  1- 3 |  4- 6 |  7- 9 | 10-12 || total
---------------------------+-------+-------+-------+-------++-------
  Melee: Whip              |     1 |       |       |       ||     1
         Spear             |    13 |     3 |    38 |    64 ||   118
         Punch             |       |       |       |     1 ||     1
   Cast: Foxfire           |    71 |    21 |    62 |   102 ||   256
         Scorch            |     8 |    45 |   118 |   148 ||   319
         Flame Wave        |       |       |       |    12 ||    12
         Mephitic Cloud    |       |       |       |    12 ||    12
         Ignite Poison     |       |       |       |    12 ||    12
  Evoke: Wand              |       |       |       |     7 ||     7
    Use: Potion            |     1 |       |     6 |     1 ||     8
         Scroll            |       |     3 |     9 |     5 ||    17
   Stab: Invisible         |       |       |     1 |       ||     1
         Confused          |       |       |       |     1 ||     1
 Armour: Robe              |     3 |     3 |       |       ||     6
         Troll leather arm |       |     1 |    39 |    49 ||    89
  Dodge: Dodged            |    24 |    10 |   104 |   140 ||   278
